HSSL
JEFFERSONVILLE-YOUNGSVILLE CENTRAL HS TROJANS @ BISHOP GORMAN HS BALBASAURS
04/29/2029
 
TOP OF THE 1ST
Jeffersonville-Youngsville Central HS Trojans batting - Pitching for Bishop Gorman HS Balbasaurs : RHP Marvin Hopper
Pitching: RHP Marvin Hopper
Batting: RHB José Rocha 0-0: Ball
1-0: Ball
2-0: Called Strike
2-1: Foul Ball, location: 2F
2-2: Foul Ball, location: 2F
2-2: Ground out 6-3 (Groundball, 6)
Batting: LHB Tomás Mata 0-0: Ball
1-0: Called Strike
1-1: Swinging Strike
1-2: Ball
2-2: Ball
3-2: Foul Ball, location: 2F
3-2: Ground out 6-3 (Groundball, 6S)
Batting: LHB Tony Chávez 0-0: Called Strike
0-1: Ball
1-1: Called Strike
1-2: Foul Ball, location: 2F
1-2: Ball
2-2: Ball
3-2: Foul Ball, location: 2F
3-2: Base on Balls
Batting: LHB Steve Parker 0-0: Foul Ball, location: 2F
0-1: Ball
1-1: Ball
2-1: Foul Ball, location: 2F
2-2: Ball
3-2: DOUBLE (Flyball, 78D)
Tony Chávez to third
Tony Chávez scores
Batting: RHB Vicente Ortíz 0-0: Ball
1-0: Swinging Strike
1-1: Ball
2-1: Swinging Strike
2-2: Strikes out swinging
Top of the 1st over - 1 run, 1 hit, 0 errors, 1 left on base; Jeffersonville-Youngsville Central HS 1 - Bishop Gorman HS 0
BOTTOM OF THE 1ST
Bishop Gorman HS Balbasaurs batting - Pitching for Jeffersonville-Youngsville Central HS Trojans : RHP Colton Sewell
Pitching: RHP Colton Sewell
Batting: RHB Lynwood Bryant 0-0: Ball
1-0: Ground out 5-3 (Groundball, 56S)
Batting: RHB Júlio García 0-0: DOUBLE (Flyball, 8LD)
Batting: LHB Guillermo Peńa 0-0: Foul Ball, location: 2F
0-1: Ball
1-1: Ball
2-1: Ball
3-1: Base on Balls
Batting: RHB José Díaz 0-0: Ball
1-0: Foul Ball, location: 2F
1-1: Ball
2-1: Foul Ball, location: 2F
2-2: Foul Ball, location: 2F
2-2: Strikes out looking
Batting: SHB Cisco Moreno 0-0: Ball
1-0: Called Strike
1-1: Swinging Strike
1-2: Foul Ball, location: 2F
1-2: Ball
2-2: Strikes out swinging
Bottom of the 1st over - 0 runs, 1 hit, 0 errors, 2 left on base; Jeffersonville-Youngsville Central HS 1 - Bishop Gorman HS 0
TOP OF THE 2ND
Jeffersonville-Youngsville Central HS Trojans batting - Pitching for Bishop Gorman HS Balbasaurs : RHP Marvin Hopper
Batting: LHB Ed Williams 0-0: Ball
1-0: Called Strike
1-1: Foul Ball, location: 2F
1-2: DOUBLE (Groundball, 3L)
Batting: RHB Ben Bradley 0-0: Ball
1-0: Called Strike
1-1: Ball
2-1: Ball
Passed Ball!
Ed Williams to third
3-1: 2-RUN HOME RUN (Flyball, 7D), Distance : 368 ft
Batting: RHB Robbie Harris 0-0: Foul Ball, location: 2F
0-1: Foul Ball, location: 2F
0-2: Ball
1-2: Ball
2-2: Strikes out swinging, 2-3 out at first.
Batting: RHB Duane Bradley 0-0: Ball
1-0: Ball
2-0: Foul Ball, location: 2F
2-1: Ball
3-1: Swinging Strike
3-2: Foul Ball, location: 2F
3-2: SINGLE (Groundball, 56D)
Batting: RHB José Rocha 0-0: Ball
1-0: 2-RUN HOME RUN (Flyball, 7LD), Distance : 335 ft
Batting: LHB Tomás Mata 0-0: Called Strike
0-1: Fly out, F7 (Flyball, 7LDF)
Batting: LHB Tony Chávez 0-0: Called Strike
0-1: Foul Ball, location: 2F
0-2: Ball
1-2: SINGLE (Line Drive, 56)
Batting: LHB Steve Parker 0-0: Ball
1-0: Called Strike
1-1: Ball
Throwing error on steal attempt, E2
Tony Chávez to third
2-1: Foul Ball, location: 2F
2-2: Foul Ball, location: 2F
2-2: Ball
3-2: Foul Ball, location: 2F
3-2: Base on Balls
Batting: RHB Vicente Ortíz 0-0: Foul Ball, location: 2F
0-1: Called Strike
0-2: Strikes out swinging
Top of the 2nd over - 4 runs, 5 hits, 1 error, 2 left on base; Jeffersonville-Youngsville Central HS 5 - Bishop Gorman HS 0
BOTTOM OF THE 2ND
Bishop Gorman HS Balbasaurs batting - Pitching for Jeffersonville-Youngsville Central HS Trojans : RHP Colton Sewell
Batting: RHB Scotty Humphrey 0-0: Foul Ball, location: 2F
0-1: Swinging Strike
0-2: Strikes out swinging
Batting: RHB Jimmy Martin 0-0: Ball
1-0: Swinging Strike
1-1: Foul Ball, location: 2F
1-2: Ball
2-2: Ball
3-2: SOLO HOME RUN (Flyball, 7LD), Distance : 340 ft
Batting: RHB John Milligan 0-0: Ball
1-0: Called Strike
1-1: Ground out 6-3 (Groundball, 6M)
Batting: LHB Michel Gélinas 0-0: Called Strike
0-1: Called Strike
0-2: Strikes out swinging
Bottom of the 2nd over - 1 run, 1 hit, 0 errors, 0 left on base; Jeffersonville-Youngsville Central HS 5 - Bishop Gorman HS 1
TOP OF THE 3RD
Jeffersonville-Youngsville Central HS Trojans batting - Pitching for Bishop Gorman HS Balbasaurs : RHP Marvin Hopper
Batting: LHB Ed Williams 0-0: Ball
1-0: Called Strike
1-1: Foul Ball, location: 2F
1-2: Foul Ball, location: 2F
1-2: Strikes out swinging
Batting: RHB Ben Bradley 0-0: Ball
1-0: SINGLE (Line Drive, 8RS)
Batting: RHB Robbie Harris 0-0: Called Strike
0-1: Ball
1-1: Fly out, F5 (Line Drive, 5F)
Pitching: RHP Mike Peters
Batting: RHB Duane Bradley 0-0: Ball
1-0: Swinging Strike
1-1: Foul Ball, location: 2F
1-2: Ball
2-2: Ball
3-2: Strikes out looking
Top of the 3rd over - 0 runs, 1 hit, 0 errors, 1 left on base; Jeffersonville-Youngsville Central HS 5 - Bishop Gorman HS 1
BOTTOM OF THE 3RD
Bishop Gorman HS Balbasaurs batting - Pitching for Jeffersonville-Youngsville Central HS Trojans : RHP Colton Sewell
Batting: RHB Lynwood Bryant 0-0: Called Strike
0-1: Foul Ball, location: 2F
0-2: Ball
1-2: Ball
2-2: Foul Ball, location: 2F
2-2: Ball
3-2: Foul Ball, location: 2F
3-2: Fly out, F9 (Flyball, 89S)
Batting: RHB Júlio García 0-0: Called Strike
0-1: Swinging Strike
0-2: Ball
1-2: Strikes out swinging
Batting: LHB Guillermo Peńa 0-0: Called Strike
0-1: Ball
1-1: Fly out, F7 (Flyball, 7)
Bottom of the 3rd over - 0 runs, 0 hits, 0 errors, 0 left on base; Jeffersonville-Youngsville Central HS 5 - Bishop Gorman HS 1
TOP OF THE 4TH
Jeffersonville-Youngsville Central HS Trojans batting - Pitching for Bishop Gorman HS Balbasaurs : RHP Mike Peters
Batting: RHB José Rocha 0-0: Called Strike
0-1: Ball
1-1: Hit by Pitch
Batting: LHB Tomás Mata 0-0: Swinging Strike
0-1: Foul Ball, location: 2F
0-2: Fielders Choice at 2nd, 3-6 (Groundball, 3)
Batting: LHB Tony Chávez 0-0: Ball
1-0: Fly out, F4 (Line Drive, 34)
Batting: LHB Steve Parker 0-0: Ball
1-0: Swinging Strike
1-1: Ball
2-1: Ball
3-1: Foul Ball, location: 2F
3-2: Strikes out swinging
Top of the 4th over - 0 runs, 0 hits, 0 errors, 1 left on base; Jeffersonville-Youngsville Central HS 5 - Bishop Gorman HS 1
BOTTOM OF THE 4TH
Bishop Gorman HS Balbasaurs batting - Pitching for Jeffersonville-Youngsville Central HS Trojans : RHP Colton Sewell
Batting: RHB José Díaz 0-0: Called Strike
0-1: Foul Ball, location: 2F
0-2: Foul Ball, location: 2F
0-2: Ground out 6-3 (Groundball, 6D)
Batting: SHB Cisco Moreno 0-0: Called Strike
0-1: Ball
1-1: Ball
2-1: Fly out, F9 (Flyball, 89M)
Batting: RHB Scotty Humphrey 0-0: Swinging Strike
0-1: Ball
1-1: Foul Ball, location: 2F
1-2: Strikes out looking
Bottom of the 4th over - 0 runs, 0 hits, 0 errors, 0 left on base; Jeffersonville-Youngsville Central HS 5 - Bishop Gorman HS 1
TOP OF THE 5TH
Jeffersonville-Youngsville Central HS Trojans batting - Pitching for Bishop Gorman HS Balbasaurs : RHP Mike Peters
Batting: RHB Vicente Ortíz 0-0: SINGLE (Flyball, 9LM)
Batting: LHB Ed Williams 0-0: Ball
1-0: Grounds into double play, 4-6-3 (Groundball, 4)
Batting: RHB Ben Bradley 0-0: Ball
1-0: Ball
2-0: Ground out 3-1 (Groundball, 34S)
Top of the 5th over - 0 runs, 1 hit, 0 errors, 0 left on base; Jeffersonville-Youngsville Central HS 5 - Bishop Gorman HS 1
BOTTOM OF THE 5TH
Bishop Gorman HS Balbasaurs batting - Pitching for Jeffersonville-Youngsville Central HS Trojans : RHP Colton Sewell
Batting: RHB Jimmy Martin 0-0: Swinging Strike
0-1: Called Strike
0-2: Ball
1-2: Ball
2-2: Foul Ball, location: 2F
2-2: Strikes out swinging
Batting: RHB John Milligan 0-0: Ball
1-0: Ball
2-0: Foul Ball, location: 2F
2-1: Called Strike
2-2: Strikes out swinging
Batting: LHB Michel Gélinas 0-0: Ball
1-0: SINGLE (Line Drive, 56)
Batting: RHB Lynwood Bryant 0-0: Called Strike
0-1: Ball
1-1: Ground out 2-3 (Groundball, 2R)
Bottom of the 5th over - 0 runs, 1 hit, 0 errors, 1 left on base; Jeffersonville-Youngsville Central HS 5 - Bishop Gorman HS 1
TOP OF THE 6TH
Jeffersonville-Youngsville Central HS Trojans batting - Pitching for Bishop Gorman HS Balbasaurs : RHP Mike Peters
Batting: RHB Robbie Harris 0-0: Ball
1-0: Ball
2-0: Ball
3-0: Called Strike
3-1: Fly out, F9 (Flyball, 89S)
Batting: RHB Duane Bradley 0-0: Called Strike
0-1: Ball
1-1: Swinging Strike
1-2: Ball
2-2: Strikes out swinging
Batting: RHB José Rocha 0-0: Ball
1-0: Foul Ball, location: 2F
1-1: Ball
2-1: Ball
3-1: Base on Balls
Batting: LHB Tomás Mata 0-0: Swinging Strike
0-1: SINGLE (Flyball, 7S)
José Rocha to second
Batting: LHB Tony Chávez 0-0: Foul Ball, location: 2F
0-1: Ball
1-1: Ball
2-1: Foul Ball, location: 2F
2-2: Ground out U3 (Groundball, 3L)
Top of the 6th over - 0 runs, 1 hit, 0 errors, 2 left on base; Jeffersonville-Youngsville Central HS 5 - Bishop Gorman HS 1
BOTTOM OF THE 6TH
Bishop Gorman HS Balbasaurs batting - Pitching for Jeffersonville-Youngsville Central HS Trojans : RHP Colton Sewell
Batting: RHB Júlio García 0-0: Foul Ball, location: 2F
0-1: Ground out 6-3 (Groundball, 6)
Pitching: RHP Matt Williams
Batting: LHB Guillermo Peńa 0-0: Called Strike
0-1: Ball
1-1: Called Strike
1-2: SINGLE (Groundball, 34D) (infield hit)
Batting: RHB José Díaz 0-0: Ball
1-0: Called Strike
1-1: Swinging Strike
1-2: Strikes out swinging
Batting: SHB Cisco Moreno 0-0: Ball
1-0: Called Strike
1-1: Ball
2-1: SINGLE (Groundball, 34D)
Guillermo Peńa to second
Runner from 2nd tries for 3rd, SAFE, throw made to third
Batting: RHB Scotty Humphrey 0-0: Called Strike
0-1: Fielders Choice at 2nd, 6-4 (Groundball, 6)
Bottom of the 6th over - 0 runs, 2 hits, 0 errors, 2 left on base; Jeffersonville-Youngsville Central HS 5 - Bishop Gorman HS 1
TOP OF THE 7TH
Jeffersonville-Youngsville Central HS Trojans batting - Pitching for Bishop Gorman HS Balbasaurs : RHP Mike Peters
Batting: LHB Steve Parker 0-0: Foul Ball, location: 2F
0-1: Ball
1-1: Foul Ball, location: 2F
1-2: Ball
2-2: Ground out U3 (Groundball, 3)
Batting: RHB Vicente Ortíz 0-0: SINGLE (Groundball, 34D)
Batting: LHB Ed Williams 0-0: Ball
1-0: Ground out 4-3 (Groundball, 4S)
Vicente Ortíz to second
Batting: RHB Ben Bradley 0-0: Ball
1-0: Swinging Strike
1-1: Foul Ball, location: 2F
1-2: SINGLE (Flyball, 78M)
Vicente Ortíz to third
Runner from 3rd tries for Home, SAFE, throw made home
Ben Bradley to second
Batting: RHB Robbie Harris 0-0: Fly out, F3 (Popup, 3S)
Top of the 7th over - 1 run, 2 hits, 0 errors, 1 left on base; Jeffersonville-Youngsville Central HS 6 - Bishop Gorman HS 1
BOTTOM OF THE 7TH
Bishop Gorman HS Balbasaurs batting - Pitching for Jeffersonville-Youngsville Central HS Trojans : RHP Matt Williams
Batting: RHB Jimmy Martin 0-0: Ball
1-0: Ball
2-0: Called Strike
2-1: Foul Ball, location: 2F
2-2: Foul Ball, location: 2F
2-2: Foul Ball, location: 2F
2-2: Ball
3-2: SINGLE (Groundball, 56D)
Batting: RHB John Milligan 0-0: 2-RUN HOME RUN (Flyball, 7LD), Distance : 332 ft
Pitching: RHP James Baker
Batting: LHB Michel Gélinas 0-0: Ball
1-0: Called Strike
1-1: Swinging Strike
1-2: Ball
2-2: Strikes out swinging
Batting: RHB Lynwood Bryant 0-0: Ball
1-0: Ball
2-0: SOLO HOME RUN (Flyball, 7LD), Distance : 332 ft
Batting: RHB Júlio García 0-0: Ball
1-0: Ball
2-0: SINGLE (Groundball, 56S) (infield hit)
Batting: LHB Guillermo Peńa 0-0: SINGLE (Flyball, 78S)
Júlio García to second
Batting: RHB José Díaz 0-0: Ball
1-0: Foul Ball, location: 2F
1-1: Foul Ball, location: 2F
1-2: Ball
2-2: Fly out, F7 (Flyball, 78S)
Batting: SHB Cisco Moreno 0-0: Foul Ball, location: 2F
0-1: Fly out, F9 (Flyball, 89XD)
Bottom of the 7th over - 3 runs, 5 hits, 0 errors, 2 left on base; Jeffersonville-Youngsville Central HS 6 - Bishop Gorman HS 4
TOP OF THE 8TH
Jeffersonville-Youngsville Central HS Trojans batting - Pitching for Bishop Gorman HS Balbasaurs : RHP Mike Peters
Batting: RHB Duane Bradley 0-0: Ball
1-0: SINGLE (Line Drive, 8RS)
Batting: RHB José Rocha 0-0: Bunted foul
0-1: Sac Bunt - play at first, batter OUT! 1-4
Duane Bradley to second
Batting: LHB Tomás Mata 0-0: Fly out, F8 (Flyball, 8LXD)
Runner from 2nd tags up, SAFE at 3rd, no throw
Batting: LHB Tony Chávez 0-0: SINGLE (Flyball, 8RM)
Duane Bradley scores
Pitching: RHP Rafael Hernández
Batting: LHB Steve Parker 0-0: Ball
1-0: Foul Ball, location: 2F
1-1: Ball
2-1: Called Strike
Tony Chávez steals 2nd base
2-2: Ball
3-2: DOUBLE (Flyball, 8LD)
Tony Chávez scores
Batting: RHB Vicente Ortíz 0-0: Reached on error, E5 (Groundball, 56)
Steve Parker scores
Batting: LHB Ed Williams 0-0: Called Strike
0-1: Ball
1-1: Ball
2-1: Ground out U3 (Groundball, 3)
Top of the 8th over - 3 runs, 3 hits, 1 error, 1 left on base; Jeffersonville-Youngsville Central HS 9 - Bishop Gorman HS 4
BOTTOM OF THE 8TH
Bishop Gorman HS Balbasaurs batting - Pitching for Jeffersonville-Youngsville Central HS Trojans : RHP Marvin Weaver
Pitching: RHP Marvin Weaver
Now in LF: Jack Slater
Batting: RHB Scotty Humphrey 0-0: Called Strike
0-1: SINGLE (Groundball, 56) (infield hit)
Batting: RHB Jimmy Martin 0-0: Ball
1-0: Foul Ball, location: 2F
1-1: SINGLE (Groundball, 6MD)
Scotty Humphrey to second
Batting: RHB John Milligan 0-0: Ball
1-0: Foul Ball, location: 2F
1-1: Swinging Strike
1-2: Strikes out swinging
Batting: LHB Michel Gélinas 0-0: Ball
1-0: Ball
2-0: SINGLE (Line Drive, 6D)
Scotty Humphrey to third
Jimmy Martin to second
Batting: RHB Lynwood Bryant 0-0: Called Strike
0-1: Swinging Strike
0-2: Foul Ball, location: 2F
0-2: Strikes out swinging
Batting: RHB Júlio García 0-0: Ball
1-0: SINGLE (Line Drive, 6M)
Scotty Humphrey scores
Jimmy Martin to third
Michel Gélinas to second
Runner from 3rd tries for Home, SAFE, no throw
Pitching: RHP Juan García
Batting: LHB Guillermo Peńa 0-0: Ball
1-0: Swinging Strike
1-1: Foul Ball, location: 2F
1-2: Foul Ball, location: 2F
1-2: Strikes out looking
Bottom of the 8th over - 2 runs, 4 hits, 0 errors, 2 left on base; Jeffersonville-Youngsville Central HS 9 - Bishop Gorman HS 6
TOP OF THE 9TH
Jeffersonville-Youngsville Central HS Trojans batting - Pitching for Bishop Gorman HS Balbasaurs : RHP Rafael Hernández
Batting: RHB Ben Bradley 0-0: Ball
1-0: Called Strike
1-1: Swinging Strike
1-2: Ball
2-2: Ball
3-2: Fly out, F9 (Flyball, 9LD)
Batting: RHB Robbie Harris 0-0: Ball
1-0: Ball
2-0: SINGLE (Groundball, 34D)
Batting: RHB Duane Bradley 0-0: Ball
1-0: Swinging Strike
1-1: Swinging Strike
1-2: Strikes out swinging
Batting: RHB José Rocha Pickoff Throw to First - Out!
Top of the 9th over - 0 runs, 1 hit, 0 errors, 0 left on base; Jeffersonville-Youngsville Central HS 9 - Bishop Gorman HS 6
BOTTOM OF THE 9TH
Bishop Gorman HS Balbasaurs batting - Pitching for Jeffersonville-Youngsville Central HS Trojans : RHP Juan García
Batting: RHB José Díaz 0-0: Ball
1-0: Ball
2-0: Ball
3-0: Called Strike
3-1: Base on Balls
Batting: SHB Cisco Moreno 0-0: Ball
1-0: SINGLE (Flyball, 8RS)
José Díaz to second
Pinch Hitting: LHB Daniel Smith 0-0: Foul Ball, location: 2F
0-1: Ball
1-1: Ball
2-1: Ball
3-1: Base on Balls
José Díaz to third
Cisco Moreno to second
Batting: RHB Jimmy Martin 0-0: Called Strike
0-1: Ball
1-1: Foul Ball, location: 2F
1-2: Ball
2-2: Strikes out swinging
Batting: RHB John Milligan 0-0: Called Strike
0-1: Foul Ball, location: 2F
0-2: Strikes out swinging
Batting: LHB Michel Gélinas 0-0: Foul Ball, location: 2F
0-1: Ball
1-1: Called Strike
1-2: Ball
2-2: Strikes out swinging
Bottom of the 9th over - 0 runs, 1 hit, 0 errors, 3 left on base; Jeffersonville-Youngsville Central HS 9 - Bishop Gorman HS 6
Saturday, December 16th, 2017 - OOTP Baseball 18.8 Build 76